AoeStats
← Hemingway

African Clearing

510568096Analyzed
4v4 RM · 24h ago on Oct 1, 2026· 51m 22s· 8 players
Game mode
Random Map
Map size
Large (8 player)
Population
200
Speed
Normal
Resources
Standard
Victory
Conquest
Starting age
Dark Age
Ending age
Imperial Age
RankedLock teamsTeams togetherTeam positionsShared explorationLock speedFull tech treeHidden civsTurbo modeCheats
Victory
Defeat
🇦🇷 Wei · Argentina
1233
+14
🇯🇵 Persians · Japan
1232
+14
🇹🇼 Varangians · Taiwan
1225
+14
🇧🇩 Poles · Bangladesh
1186
+15
🇬🇧 Aztecs · United Kingdom
1347
-20
🇫🇷 Magyars · France
1212
-16
🇳🇴 Varangians · Norway
1140
-13
🇬🇧 Vietnamese · United Kingdom
1013
-8
Brooony
5:16 Loom
13:37 Feudal Age
19:38 Castle Age
18:21 Double-Bit Axe
21:26 Wheelbarrow
28:22 Horse Collar
30:30 Hand Cart
31:38 Heavy Plow
31:39 Pikeman
32:32 Forging
32:29 Scale Mail Armor
36:47 Bow Saw
40:46 Imperial Age
39:18 Fletching
40:04 Iron Casting
39:44 Chain Mail Armor
39:48 Town Watch
41:05 Bodkin Arrow
41:11 Padded Archer Armor
42:15 Thumb Ring
44:19 Halberdier
45:33 Plate Mail Armor
Hemingway
10:45 Loom
12:59 Feudal Age
13:44 Double-Bit Axe
19:14 Castle Age
19:27 Wheelbarrow
20:15 Bow Saw
22:58 Sanctity
23:27 Horse Collar
24:38 Arson
26:05 Squires
26:46 Redemption
38:39 Imperial Age
39:41 Block Printing
40:33 Pikeman
41:30 Scale Mail Armor
43:29 Fervor
45:27 Fletching
47:05 Illumination
48:25 Chain Mail Armor
lpt42
7:40 Loom
14:15 Feudal Age
19:39 Castle Age
18:45 Double-Bit Axe
20:20 Fletching
21:00 Bow Saw
23:41 Town Watch
30:35 Bodkin Arrow
33:57 Ballistics
33:40 Padded Archer Armor
34:59 Husbandry
39:49 Wheelbarrow
40:03 Thumb Ring
46:36 Imperial Age
HyenHks
6:40 Loom
12:13 Feudal Age
12:42 Double-Bit Axe
24:31 Fletching
42:32 Wheelbarrow
46:39 Castle Age
kibusi
3:15 Loom
15:45 Feudal Age
16:26 Double-Bit Axe
20:03 Castle Age
18:32 Scale Barding Armor
20:28 Forging
27:51 Horse Collar
29:47 Bow Saw
32:11 Heavy Plow
33:09 Iron Casting
33:02 Husbandry
37:10 Imperial Age
35:15 Wheelbarrow
34:26 Town Watch
35:03 Chain Barding Armor
34:43 Scale Mail Armor
34:34 Fletching
34:31 Gambesons
36:45 Bloodlines
35:56 Light Cavalry
36:54 Cavalier
36:59 Capped Ram
38:04 Siege Ram
39:17 Crop Rotation
40:14 Plate Barding Armor
40:39 Blast Furnace
39:54 Chain Mail Armor
39:32 Gold Mining
39:32 Stone Mining
40:54 Two-Man Saw
41:21 Gold Shaft Mining
41:22 Stone Shaft Mining
42:40 Chemistry
42:01 Ballistics
41:45 Bodkin Arrow
41:50 Padded Archer Armor
41:30 Savar
43:38 Masonry
49:48 Elite War Elephant
GYLi
9:18 Loom
11:32 Feudal Age
16:01 Bloodlines
16:29 Double-Bit Axe
20:01 Forging
23:32 Castle Age
23:42 Fletching
24:48 Scale Barding Armor
25:18 Iron Casting
24:41 Light Cavalry
29:33 Chain Barding Armor
29:10 Bodkin Arrow
35:51 Ballistics
36:22 Husbandry
38:34 Padded Archer Armor
43:53 Imperial Age
43:40 Gold Mining
44:05 Cranequins
45:26 Bracer
47:47 Chemistry
48:16 Heavy Mounted Crossbowman
50:01 Leather Archer Armor
50:39 Conscription
[TYN] Shamburger
4:05 Loom
15:48 Feudal Age
16:12 Horse Collar
17:21 Town Watch
18:35 Fletching
18:52 Double-Bit Axe
22:47 Gold Mining
22:47 Stone Mining
22:47 Gold Mining
22:50 Stone Mining
30:52 Castle Age
34:15 Wheelbarrow
35:14 Bow Saw
35:57 Forging
35:53 Scale Barding Armor
37:04 Heavy Plow
36:28 Light Cavalry
37:18 Bloodlines
38:35 Bloodlines
38:25 Husbandry
41:36 Iron Casting
41:21 Chain Barding Armor
45:19 Imperial Age
48:01 Ming Guang Armor
47:57 Conscription
47:01 Heavy Hei Guang Cavalry
48:19 Hand Cart
49:12 Blast Furnace
49:27 Hussar
J. C. Maxwell
5:03 Loom
14:45 Feudal Age
21:26 Castle Age
19:33 Horse Collar
20:14 Bloodlines
20:04 Double-Bit Axe
20:14 Gold Mining
20:54 Scale Barding Armor
21:40 Forging
21:38 Light Cavalry
22:26 Husbandry
23:17 Bow Saw
23:30 Heavy Plow
24:44 Stone Mining
26:19 Chain Barding Armor
27:14 Iron Casting
33:25 Wheelbarrow
35:00 Hand Cart
34:47 Fletching
41:05 Imperial Age
41:12 Town Watch
43:26 Blast Furnace
43:05 Conscription
43:59 Winged Hussar
45:12 Lechitic Legacy
49:08 Stone Shaft Mining
49:35 Scale Mail Armor
Connection lost

Rejoining the realm…

Still unreachable

The connection could not be restored.

Session expired

The server has moved on; the page needs a fresh start.